cohdb
Replays
Latest Replays
All Replays
Popular Replays
Top Player Replays
Match Explorer
How It Works
Community
CoH3 Stats
Reddit
Sign in to upload your games and track your stats! →
Sign in with Steam
Match 37952780
Unlisted
Match 37952780
Overview
Messages
Build Orders
End
Kettenkrad Recon Vehicle
Construct Infanterie Kompanie
MG 42 Machine Gun Team
Grenadier Squad
Grenadier Squad
Grenadier Squad
Infanterie Officer Quarters
Selects Breakthrough Battlegroup
Selects Assault Grenadiers
Construct Panzergrenadier Kompanie
Pak 40 Anti-tank Gun Team
Construct Panzer Kompanie
Selects 2.5-tonne Cargo Truck
Selects Blitzkrieg
Panzer IV Medium Tank
Stoßtruppen Squad
Sturmpanzer IV Brummbär
Panzer Officer Quarters
Side Skirts
Selects Breakthrough
Selects Incendiary Bombing Run
Stoßtruppen Squad
Panzer IV Medium Tank
Incendiary Bombing Run
Blitzkrieg
MG 42 Bunker
Selects Tiger Heavy Tank
Tiger Heavy Tank
MG 42 Bunker
bobr
rockkiller31
DebaKLe
STALKER4732
kit.ohume
Devochkin
0
0
Comments
sign in to comment!
No comments posted yet!